 Dungeon Crawl Stone Soup version 0.25.1-2-g60ff931df9 (webtiles) character file.

Game seed: 7644331135297068106

1337 raphialitos the Insei (level 8, -10/62 HPs)
             Began as a Demigod Transmuter on Oct 26, 2020.
             Killed by divine providence
             ... invoked by an orc priest
              (17 damage)
             ... on level 6 of the Dungeon.
             The game lasted 00:17:28 (6671 turns).

raphialitos the Insei (Demigod Transmuter)          Turns: 6671, Time: 00:17:28

Health: -10/62     AC:  2    Str: 15    XL:     8   Next: 13%
Magic:  16/16      EV: 23    Int: 25    God:
Gold:   315        SH:  0    Dex: 21    Spells: 4/14 levels left

rFire    + . .     SeeInvis .     - Unarmed
rCold    . . .     Gourm    .   (shield currently unavailable)
rNeg     . . .     Faith    .   (armour currently unavailable)
rPois    x         Spirit   .   (helmet currently unavailable)
rElec    .         Reflect  .   (cloak currently unavailable)
rCorr    .         Harm     .   (gloves currently unavailable)
MR       .....                  (boots currently unavailable)
Stlth    +++.......             m - amulet of magic regeneration
HPRegen  0.20/turn              k - ring of protection from fire
MPRegen  0.40/turn              n - +6 ring of intelligence

@: lethally poisoned (-10 -> -12), spider-form (expiring)
A: tiny, high mp 1
a: End Transformation


You were on level 6 of the Dungeon.
You were not hungry.
You were a venomous arachnid creature.
You visited 1 branch of the dungeon, and saw 6 of its levels.

You collected 315 gold pieces.

Inventory:

Hand Weapons
 e - a +0 short sword
 v - a +0 great sword (melded)
Missiles
 a - 105 arrows
 f - 5 boomerangs
 g - 19 poisoned darts (quivered)
 o - 49 bolts
 t - 32 sling bullets
Armour
 b - a +0 robe (melded)
 j - a +2 helmet (melded)
Jewellery
 k - a ring of protection from fire (left front leg)
 m - an amulet of magic regeneration (around neck)
 n - a +6 ring of intelligence (right front leg)
Scrolls
 c - 2 scrolls of teleportation
 i - 2 scrolls of identify
 p - a scroll of fog
 r - a scroll of amnesia
 y - a scroll of remove curse
 z - 3 scrolls of fear
Potions
 h - a potion of magic
 l - a potion of flight {unknown}
 q - 3 potions of ambrosia {unknown}
 s - a potion of heal wounds {unknown}
 u - a potion of curing
 x - a potion of invisibility {unknown}
Comestibles
 d - 8 rations


   Skills:
 + Level 2.5 Fighting
 + Level 2.6(2.7) Short Blades
 + Level 0.6(1.8) Long Blades
 + Level 4.3 Dodging
 + Level 2.9 Stealth
 + Level 4.6 Unarmed Combat
 + Level 3.6 Spellcasting
 + Level 4.0 Transmutations
 + Level 1.5 Poison Magic


You had 4 spell levels left.
You knew the following spells:

 Your Spells              Type           Power        Failure   Level  Hunger
a - Beastly Appendage     Tmut           ###...       8%          1    None
b - Sticks to Snakes      Tmut           ###.....     10%         2    #......
c - Spider Form           Tmut/Pois      ###.......   22%         3    ##.....
d - Ice Form              Ice/Tmut       ##......     61%         4    ####...

Your spell library contained the following spells:

 Spells                   Type           Power        Failure   Level  Hunger
 Blade Hands              Tmut           ###.......   67%         5    ######.


Dungeon Overview and Level Annotations

Branches:
Dungeon (6/15)             Temple (0/1) D:4

Shops:
D:3 *


Innate Abilities, Weirdness & Mutations

You have an increased reservoir of magic. (+10% MP)


Message History

The orc priest calls down the wrath of Beogh upon you.
You struggle to resist.
You feel sick.
Your transformation is almost over.
You feel sick.
The orc priest calls down the wrath of Beogh upon you.
Beogh smites you!
You feel sick.
You feel sick.
The orc priest casts a cantrip, but nothing happens.
The orc priest invokes the aid of Beogh against you.
You struggle to resist.
You feel sick.
The orc priest mumbles some strange prayers to Beogh against you.
Beogh smites you!
* * * LOW HITPOINT WARNING * * *
You feel sick.
The orc priest mumbles some strange prayers to Beogh against you.
Beogh smites you!
You die...

####### ########## #.s...#
#......... ....... #.....#
#......... ..g....
#.....####......... .......
#.....#............ .......
#........#..)......
#......####.....#............
#....g.g..#.o...#.##.........
#......##.#o....#.####.####..
#....oo)gg..................


You could see an orc priest and an orc.

Vanquished Creatures
  A hippogriff (D:5)
  An ice beast (D:5)
  An ogre (D:5)
  A phantom (D:5)
  2 centaurs
  2 crimson imps
  2 jellies
  2 hounds
  2 bullfrog skeletons (D:5)
  An orc wizard (D:5)
  3 iguanas
  4 worker ants
  A hound skeleton (D:4)
  A hound zombie (D:6)
  2 gnolls
  7 adders
  3 shadow imps
  2 oozes
  An adder skeleton (D:5)
  A worm (D:5)
  4 dart slugs
  7 leopard geckos
  3 orcs
  A ball python (D:3)
  3 giant cockroaches
  7 goblins
  5 jackals
  3 kobolds
  7 quokkas
  7 bats
  5 frilled lizards
  2 rats
94 creatures vanquished.

Vanquished Creatures (collateral kills)
  An ogre (D:4)
  A shadow imp (D:5)
  A bat (D:2)
  2 jackals
5 creatures vanquished.

Grand Total: 99 creatures vanquished

Notes
Turn   | Place    | Note
-------+----------+-------------------------------------------
     0 | D:1      | raphialitos the Demigod Transmuter began the quest for the
                  | Orb.
     0 | D:1      | Reached XP level 1. HP: 15/15 MP: 5/5
    29 | D:1      | Reached skill level 1 in Fighting
   474 | D:1      | Reached XP level 2. HP: 23/23 MP: 5/7
  1104 | D:1      | Learned a level 2 spell: Sticks to Snakes
  1119 | D:2      | Found a blossoming altar of Fedhas.
  1309 | D:2      | Reached XP level 3. HP: 28/28 MP: 6/8
  2845 | D:3      | Found an opulent altar of Gozag.
  2847 | D:3      | Found Gozag's Platinum Reserve.
  3180 | D:4      | Reached XP level 4. HP: 16/35 MP: 8/10
  3388 | D:4      | Noticed an ogre
  3397 | D:4      | Killed an ogre
  3397 | D:4      | Reached skill level 1 in Short Blades
  3416 | D:4      | Found a staircase to the Ecumenical Temple.
  3492 | D:4      | Learned a level 3 spell: Spider Form
  3500 | D:4      | Reached XP level 5. HP: 37/41 MP: 6/11
  3671 | D:4      | Reached skill level 1 in Stealth
  4544 | D:5      | Entered Level 5 of the Dungeon
  4546 | D:5      | Noticed a centaur
  4556 | D:5      | Killed a centaur
  4556 | D:5      | Reached XP level 6. HP: 28/48 MP: 10/13
  4715 | D:5      | Found a sparkling altar of Nemelex Xobeh.
  4973 | D:5      | Noticed a hippogriff
  4983 | D:5      | Killed a hippogriff
  4983 | D:5      | Reached skill level 1 in Poison Magic
  4983 | D:5      | Reached XP level 7. HP: 45/55 MP: 14/14
  6235 | D:6      | Reached XP level 8. HP: 62/62 MP: 16/16
  6347 | D:6      | Found a blossoming altar of Fedhas.
  6397 | D:6      | Found a hide-covered altar of Uskayaw.
  6398 | D:6      | Noticed a +0 hand axe
  6398 | D:6      | Noticed a +0 dagger
  6544 | D:6      | Learned a level 4 spell: Ice Form
  6671 | D:6      | Killed from afar by an orc priest

Illustrated notes

Levels and vault maps discovered:
D:1:      matt_arrival_grand_opening, layout_basic
D:2:      layout_loops_ring, lemuel_coloured_pillars_altar
D:3:      layout_loops_ring, nicolae_gozag_zags_fifth_avenue,
          serial_bayou_ford_a
D:4:      layout_basic, minmay_temple_entry_gardened_gates
D:5:      layout_cave_pools, nicolae_overflow_hidden_temple, first_ration,
          kennysheep_nub, minmay_starry_boxes
D:6:      layout_rooms, dancing_weapons_uskayaw, fedhas_altar_2

Skill      XL: |  1  2  3  4  5  6  7 |
---------------+----------------------+-----
Fighting       | 1 2 |  2.5
Dodging        | 2 3 4 |  4.3
Spellcasting   | 2 3 |  3.6
Transmutations | 2 3 4 |  4.0
Unarmed Combat | 3 4 |  4.6
Short Blades   | 1 2 |  2.6
Stealth        | 1 2 |  2.9
Poison Magic   | 1 |  1.5
Long Blades    | |  0.6

Action                   |  1- 3 |  4- 6 |  7- 9 || total
-------------------------+-------+-------+-------++-------
Melee: Unarmed           |    50 |    55 |    84 ||   189
       Headbutt          |     7 |       |       ||     7
       Kick              |    18 |    16 |    14 ||    48
       Short sword       |    85 |    71 |    25 ||   181
       Dagger            |    10 |       |       ||    10
       Punch             |     1 |     1 |       ||     2
       Great sword       |       |       |    15 ||    15
 Cast: Beastly Appendage |    25 |     7 |     7 ||    39
       Sticks to Snakes  |     1 |     3 |     2 ||     6
       Spider Form       |       |    10 |     9 ||    19
       Ice Form          |       |       |     1 ||     1
  Use: Scroll            |     9 |     2 |       ||    11
       Potion            |       |     1 |       ||     1
 Stab: Sleeping          |     1 |     3 |     2 ||     6
       Distracted        |       |     1 |       ||     1
  Eat: Chunk             |     7 |     7 |     3 ||    17
       Ration            |       |       |     1 ||     1
Armor: Robe              |    52 |    12 |    13 ||    77
       Skin              |       |     2 |     5 ||     7
Dodge: Dodged            |   163 |   113 |   150 ||   426
       Rpst.: Great sword |       |       |     6 ||     6
